 Dungeon Crawl Stone Soup version 0.19.0-2-gae57169 (webtiles) character file.

84 hurricos the Ruffian (level 4, -5/38 HPs)
             Began as a Ghoul Monk on Nov 6, 2016.
             Killed from afar by Sigmund (10 damage)
             ... with a puff of flame
             ... on level 2 of the Dungeon.
             The game lasted 00:01:20 (1040 turns).

hurricos the Ruffian (Ghoul Monk)                   Turns: 1040, Time: 00:01:21

Health: -5/38      AC:  2    Str: 14    XL:     4   Next: 46%
Magic:  3/3        EV: 13    Int:  5    God:
Gold:   90         SH:  0    Dex: 12    Spells: 0 memorised, 3 levels left

rFire  . . .     SeeInvis .       - Unarmed
rCold  + . .     Gourm    .     a - +0 robe
rNeg   + + +     Faith    .     (no shield)
rPois  ∞         Spirit   .     (no helmet)
rElec  .         Reflect  .     (no cloak)
rCorr  .         Harm     .     (no gloves)
MR     .....                    (no boots)
Stlth  +.........               (no amulet)
                                (no ring)
                                h - ring of loudness (curse)

@: rotting
A: rotting body, claws 1, carnivore 3, cold resistance 1, negative energy
resistance 3, slow regeneration 1, torment resistance, unbreathing
a: no special abilities


You were on level 2 of the Dungeon.
You were not hungry.

You visited 1 branch of the dungeon, and saw 2 of its levels.

You collected 90 gold pieces.

Inventory:

Hand Weapons
 m - a +0 club
Armour
 a - a +0 robe (worn)
 l - a +0 large shield
Jewellery
 h - a cursed ring of loudness (left claw)
Scrolls
 d - a scroll of teleportation {unknown}
 e - 3 scrolls of remove curse {unknown}
 i - 2 scrolls of identify {unknown}
 j - a scroll of amnesia {unknown}
Potions
 k - a potion of curing
Comestibles
 b - a meat ration
 g - a beef jerky


   Skills:
 - Level 3.2 Fighting
 - Level 2.6 Dodging
 - Level 2.1 Stealth
 + Level 5.6 Unarmed Combat


You had 3 spell levels left.
You didn't know any spells.

Dungeon Overview and Level Annotations

Branches:
Dungeon (2/15)

Altars:
Elyvilon
Trog

Annotations:
D:2 Sigmund


Innate Abilities, Weirdness & Mutations

Your body is rotting away.
You thrive on raw meat.
You are immune to poison.
You have sharp fingernails.
You are carnivorous and can eat meat at any time.
Your flesh is cold resistant. (rC+)
You are immune to negative energy. (rN+++)
You regenerate slowly when monsters are visible.
You are immune to unholy pain and torment.
You can survive without breathing.


Message History

Sigmund misses you.
You scratch Sigmund.
Sigmund is moderately wounded.
Sigmund closely misses you.
You feel better.
You claw Sigmund!
Sigmund is severely wounded.
Sigmund points at you and mumbles some strange words.
The magic dart hits you!
You scratch Sigmund.
Sigmund is severely wounded.
Sigmund hits you with a scythe of venom!
* * * LOW HITPOINT WARNING * * *
You scratch Sigmund.
Sigmund is severely wounded.
Okay, then.
Okay, then.
Sigmund points at you and mumbles some strange words.
The puff of flame hits you!
You die...

#.##... #.##.## #.##.#
#.##.# #.##.## #...#..
#.####### ####.##
#.......## #...
.......@.###############
.#.#.#.#.@)...........#
.........###########.#
.....⌠....# #.#
.._.......# #.#
.....⌠...## #.##
.........# #<..
.#.#.#.#.# ########.
.......?# #......(.


You could see Sigmund.

Vanquished Creatures
  Jessica (D:2)
  2 adders (D:2)
  A worm (D:2)
  2 leopard geckos (D:2)
  2 ball pythons
  5 bats (D:1)
  6 goblins
  4 hobgoblins (D:1)
  3 jackals (D:1)
  5 frilled lizards
  3 kobolds
  A rat (D:2)
35 creatures vanquished.

Notes
Turn   | Place    | Note
-------+----------+-------------------------------------------
     0 | D:1      | hurricos the Ghoul Monk began the quest for the Orb.
     0 | D:1      | Reached XP level 1. HP: 19/19 MP: 0/0
    85 | D:1      | Reached XP level 2. HP: 16/26 MP: 1/1
    91 | D:1      | Reached skill level 4 in Unarmed Combat
   603 | D:1      | Reached XP level 3. HP: 31/31 MP: 2/2
   619 | D:1      | You fall through a shaft!
   653 | D:2      | Found a bloodstained altar of Trog.
   927 | D:2      | Reached skill level 5 in Unarmed Combat
   993 | D:2      | Reached XP level 4. HP: 37/38 MP: 3/3
   997 | D:2      | Noticed Sigmund
   998 | D:2      | Noticed Jessica
   999 | D:2      | Found a white marble altar of Elyvilon.
  1009 | D:2      | Killed Jessica
  1040 | D:2      | Killed from afar by Sigmund

Skill      XL: |  1  2  3 |
---------------+----------+-----
Unarmed Combat | 4 5 |  5.6
Fighting       | |  3.2
Dodging        | |  2.6
Stealth        | |  2.1

Action                   |  1- 3 |  4- 6 || total
-------------------------+-------+-------++-------
Melee: Unarmed           |   118 |    20 ||   138
       Punch             |     1 |       ||     1
  Use: Potion            |       |     6 ||     6
 Stab: Sleeping          |     1 |       ||     1
  Eat: Chunk             |    10 |     6 ||    16
Armor: Robe              |    17 |     2 ||    19
Dodge: Dodged            |    67 |    13 ||    80
